 Dungeon Crawl Stone Soup version 0.21.1-1-g345015f (webtiles) character file.

1276 letownia2 the Spear-Bearer (level 8, -2/60 HPs)
             Began as a Merfolk Wizard on Mar 18, 2018.
             Shot with an arrow by a centaur (9 damage)
             ... on level 5 of the Dungeon.
             The game lasted 00:18:48 (2771 turns).

letownia2 the Spear-Bearer (Merfolk Wizard)         Turns: 2771, Time: 00:18:50

Health: -2/60      AC:  4    Str: 10    XL:     8   Next: 54%
Magic:  14/14      EV: 13    Int: 17    God:
Gold:   30         SH:  0    Dex: 12    Spells: 7/16 levels left

rFire    . . .     SeeInvis .   a - +2 spear (pierce)
rCold    . . .     Gourm    .   (no shield)
rNeg     . . .     Faith    .   y - +1 animal skin
rPois    .         Spirit   .   z - +0 helmet
rElec    .         Reflect  .   (no cloak)
rCorr    .         Harm     .   (no gloves)
MR       .....                  (no boots)
Stlth    ++........             (no amulet)
HPRegen  0.20/turn              (no ring)
MPRegen  0.14/turn              (no ring)

@: no status effects
A: change form in water, swift swim, stealthy swim
a: no special abilities


You were on level 5 of the Dungeon.
You were very hungry.

You visited 1 branch of the dungeon, and saw 6 of its levels.

You collected 190 gold pieces.
You spent 160 gold pieces at shops.

Inventory:

Hand Weapons
 a - a +2 spear of piercing (weapon)
 e - a +0 short sword
 n - a +0 hunting sling
 t - a +0 falchion
 v - the +7 Singing Sword
   (You found it on level 4 of the Dungeon)
 x - a -2 short sword of protection
Missiles
 f - 10 bolts
 h - 77 stones
 p - 32 sling bullets
 q - 3 tomahawks (quivered)
 B - 3 tomahawks of returning
Armour
 m - a +0 ring mail
 s - a +0 leather armour
 u - a +2 scale mail of fire resistance
 y - a +1 animal skin (worn)
 z - a +0 helmet (worn)
Wands
 E - a wand of clouds (4)
Scrolls
 g - 3 scrolls of magic mapping {unknown}
 i - 2 scrolls of teleportation {unknown}
 j - 3 scrolls of identify {unknown}
 k - 2 scrolls of enchant armour {unknown}
 l - a scroll of random uselessness {unknown}
 o - 2 scrolls of immolation {unknown}
 r - 3 scrolls of blinking {unknown}
 C - 2 scrolls of remove curse {unknown}
 D - a scroll of noise {unknown}
Potions
 b - 2 potions of lignification
 w - a potion of curing {unknown}
 A - a potion of degeneration {unknown}
 F - a potion of brilliance {unknown}
 G - 2 potions of heal wounds
Books
 c - a book of Minor Magic

   Spells                             Type                      Level
   a - Magic Dart                     Conjuration                  1
   b - Blink                          Translocation                2
   c - Call Imp                       Summoning                    2
   d - Slow                           Hexes                        2
   e - Conjure Flame                  Conjuration/Fire             3
   f - Mephitic Cloud                 Conjuration/Poison/Air       3
Comestibles
 d - 10 rations


   Skills:
 - Level 4.0 Fighting
 + Level 9.2 Polearms
 - Level 2.6 Dodging
 - Level 2.1 Stealth
 + Level 4.5 Spellcasting
 - Level 2.9 Conjurations
 - Level 2.0 Summonings
   Level 0.7 Translocations
 - Level 1.4 Fire Magic
 - Level 1.1 Air Magic
 - Level 1.5 Poison Magic


You had 7 spell levels left.
You knew the following spells:

 Your Spells              Type           Power        Failure   Level  Hunger
a - Magic Dart            Conj           ##..         4%          1    None
c - Conjure Flame         Conj/Fire      ##......     19%         3    ###....
e - Mephitic Cloud        Conj/Pois/Air  ##......     21%         3    ###....
i - Call Imp              Summ           ##......     10%         2    ##.....


Dungeon Overview and Level Annotations

Branches:
Dungeon (6/15)
 Temple: D:4-7

Altars:
Gozag
Xom

Shops:
D:4 !

Annotations:
D:2 Sigmund


Message History

The centaur shoots an arrow.
The arrow hits you.
* * * LOW HITPOINT WARNING * * *
You hear a shout!
Unknown command.
The centaur shoots an arrow.
The arrow hits you but does no damage.
Unknown command.
The centaur shoots an arrow.
The arrow hits you but does no damage.
Unknown command.
The centaur shoots an arrow.
The arrow hits you but does no damage.
You hear a shout!
Unknown command.
The centaur shoots an arrow.
The arrow hits you but does no damage.
The centaur shoots an arrow.
The arrow hits you but does no damage.
You hear an angry hiss.
Unknown command.
You feel less wooden.
Your +0 helmet unmelds from your body.
Your +1 animal skin unmelds from your body.
The centaur shoots an arrow.
The arrow hits you!
You die...

#.# #.# #.# ### #.# ####
#.# #.# ..# #.#########.#
###.# #.........#..
###.#.#.#####.######.####
........@...........>....
.....#)#####.######.####
.....#.#####.#.# #..... #
#..........#########
.......#####.#........ #
#.##...........####### #
...8c..8...8.......#+#
.......#)..#......<#....
.###..###.###...........


You could see a centaur.

Vanquished Creatures
  The ghost of Cokeysmoke the Chopper, an amateur HOFi of Hepliaklqana (D:5)
  The ghost of Setanta the Chopper, an amateur DsBe of Trog (D:4)
  A phantom (D:4)
  2 ogres
  Blork the orc (D:4)
  A bullfrog (D:6)
  3 scorpions (D:4)
  A hound (D:4)
  An orc wizard (D:4)
  3 worker ants
  A howler monkey zombie (D:6)
  7 adders
  4 gnolls (D:4)
  A shadow imp (D:5)
  2 adder zombies
  A leopard gecko (D:4)
  5 orcs
  8 bats
  A bat skeleton (D:2)
  2 bat zombies (D:2)
  6 giant cockroaches
  10 goblins
  2 hobgoblins
  3 quokkas (D:4)
  A ball python (D:2)
  6 frilled lizards
  2 jackal zombies (D:2)
  2 kobolds
  2 leopard gecko zombies (D:2)
  4 rats
85 creatures vanquished.

Vanquished Creatures (collateral kills)
  A scorpion (D:4)
  Terence (D:1)
  Robin (D:3)
  3 orcs
  A goblin (D:3)
  4 hobgoblins
  A ball python zombie (D:2)
  A frilled lizard (D:4)
  A kobold (D:1)
  A rat (D:2)
15 creatures vanquished.

Vanquished Creatures (others)
  9 fungi (D:4)
9 creatures vanquished.

Grand Total: 109 creatures vanquished

Notes
Turn   | Place    | Note
-------+----------+-------------------------------------------
     0 | D:1      | letownia2 the Merfolk Wizard began the quest for the Orb.
     0 | D:1      | Reached XP level 1. HP: 13/13 MP: 4/4
    18 | D:1      | Reached skill level 1 in Conjurations
   190 | D:1      | Reached XP level 2. HP: 15/19 MP: 3/6
   212 | D:1      | Learned a level 2 spell: Call Imp
   490 | D:2      | Reached XP level 3. HP: 18/24 MP: 2/7
   495 | D:2      | Learned a level 3 spell: Mephitic Cloud
   586 | D:2      | Noticed Sigmund
   713 | D:2      | Found an opulent altar of Gozag.
   750 | D:3      | Noticed Robin
  1062 | D:3      | Noticed Terence
  1190 | D:1      | Killed Terence
  1190 | D:1      | Reached skill level 1 in Poison Magic
  1190 | D:1      | Reached XP level 4. HP: 11/30 MP: 2/8
  1256 | D:3      | Reached skill level 1 in Air Magic
  1262 | D:3      | Killed Robin
  1330 | D:3      | Learned a level 3 spell: Conjure Flame
  1417 | D:4      | Reached skill level 1 in Polearms
  1474 | D:4      | Noticed a phantom
  1535 | D:4      | Killed a phantom
  1535 | D:4      | Reached skill level 3 in Polearms
  1535 | D:4      | Reached skill level 1 in Fire Magic
  1535 | D:4      | Reached XP level 5. HP: 17/35 MP: 2/9
  1789 | D:4      | Reached skill level 4 in Polearms
  1789 | D:4      | Reached XP level 6. HP: 41/41 MP: 2/10
  1884 | D:4      | Found the +7 Singing Sword
  1953 | D:4      | Noticed Blork the orc
  1965 | D:4      | Noticed Setanta's ghost (amateur DsBe)
  1968 | D:4      | Killed Blork the orc
  1968 | D:4      | Reached skill level 1 in Fighting
  1968 | D:4      | Reached skill level 5 in Polearms
  1992 | D:4      | Killed Setanta's ghost
  1992 | D:4      | Reached skill level 6 in Polearms
  1992 | D:4      | Reached XP level 7. HP: 18/52 MP: 2/11
  2042 | D:4      | Reached skill level 7 in Polearms
  2181 | D:5      | Entered Level 5 of the Dungeon
  2349 | D:4      | Reached XP level 8. HP: 59/60 MP: 9/12
  2432 | D:4      | Found a shimmering altar of Xom.
  2444 | D:4      | Found Caschoj's Distillery.
  2473 | D:4      | Bought a potion of lignification for 30 gold pieces
  2473 | D:4      | Bought a potion of heal wounds for 50 gold pieces
  2473 | D:4      | Bought a potion of lignification for 30 gold pieces
  2473 | D:4      | Bought a potion of heal wounds for 50 gold pieces
  2549 | D:6      | Reached skill level 8 in Polearms
  2587 | D:5      | Noticed Cokeysmoke's ghost (amateur HOFi)
  2742 | D:5      | Killed Cokeysmoke's ghost
  2742 | D:5      | Reached skill level 9 in Polearms
  2771 | D:5      | Shot with an arrow by a centaur

Skill      XL: |  1  2  3  4  5  6  7  8 |
---------------+-------------------------+-----
Conjurations   | 1 2 |  2.9
Summonings     | 2 |  2.0
Poison Magic   | 1 |  1.5
Air Magic      | 1 |  1.1
Polearms       | 3 4 6 7 9 |  9.2
Fire Magic     | 1 |  1.4
Fighting       | 3 4 |  4.0
Spellcasting   | 4 |  4.5
Dodging        | |  2.6
Stealth        | |  2.1
Translocations | |  0.7

Action                   |  1- 3 |  4- 6 |  7- 9 || total
-------------------------+-------+-------+-------++-------
Melee: Short sword       |    63 |     6 |       ||    69
       Spear             |       |   129 |   132 ||   261
       Double sword      |       |       |    10 ||    10
Throw: Tomahawk          |     1 |     4 |     1 ||     6
 Cast: Magic Dart        |    61 |    11 |     1 ||    73
       Call Imp          |    13 |    12 |       ||    25
       Mephitic Cloud    |       |     7 |     4 ||    11
       Conjure Flame     |       |     3 |     9 ||    12
  Use: Potion            |       |       |     1 ||     1
 Stab: Sleeping          |     6 |     3 |     2 ||    11
       Distracted        |       |     1 |     1 ||     2
       Confused          |       |     3 |     2 ||     5
       Held in net/web   |       |     1 |       ||     1
  Eat: Chunk             |     1 |     5 |     3 ||     9
Armor: Robe              |    26 |     1 |       ||    27
       Animal skin       |       |     7 |     6 ||    13
       Skin              |       |       |    19 ||    19
Dodge: Dodged            |   108 |    38 |    31 ||   177
       Rpst.: Double sword |       |       |     2 ||     2
